Map: Blueshift LE

Players

Piroxiljin

  • Race: Terran Terran
  • Spawn Location: 1:00

VOD

Have the link to the VOD?

Description

Time

  • Played on: Jan. 22, 2019, 11:12 a.m.
  • Length: 6:32
Show
View Real Time Build Order
Export as new Build Order

Piroxiljin Terran 

Build Orders:  

Get SALT Encoding   

  12  0:06  SCV  
  13  0:24  SCV  
  14  0:31  Supply Depot  
  14  0:41  SCV  
  15  1:01  SCV  
  15  1:06  Barracks  
  16  1:20  Barracks  
  16  1:24  SCV  
  17  1:36  Refinery  
  17  1:46  SCV  
  18  2:11  Barracks  
  18  2:14  SCV  
  19  2:37  Supply Depot  
  19  2:51  Barracks Reactor  
  19  3:01  Orbital Command  
  19  3:16  Refinery  
  19  3:21  Barracks Tech Lab  
  19  3:30  Barracks  
  19  3:50  Marine x2  
  19  3:53  Concussive Shells  
  19  3:57  Marauder  
  23  4:03  SCV  
  24  4:16  Marine  
  25  4:20  SCV  
  26  4:37  SCV, Marauder  
  29  4:40  Barracks Tech Lab  
  29  4:55  Command Center, Marine x2  
  31  5:15  SCV  
  30  5:44  SCV  
  31  5:54  Supply Depot  
  31  5:56  Supply Depot  
  31  6:27  Supply Depot  
Tags
 
Add a new tag
Caveats
  • Supply blocks, unpowered buildings, or Contaminate may cause inaccurate times.
  • Supply counts are checked every 10 seconds.